AoeStats
← 文森

Oasis

508230791Analyzed
4v4 RM · 10d ago on Sep 21, 2026· 75m 38s· 8 players
Game mode
Random Map
Map size
Large (8 player)
Population
200
Speed
Normal
Resources
Standard
Victory
Conquest
Starting age
Dark Age
Ending age
Imperial Age
RankedLock teamsTeams togetherTeam positionsShared explorationLock speedFull tech treeHidden civsTurbo modeCheats
Victory
Defeat
🇹🇼 Armenians · Taiwan
988
+14
🇨🇳 Spanish · China
921
+17
🇨🇳 Malians · China
915
+17
🇹🇼 Cumans · Taiwan
884
+18
🇬🇷 Turks · Greece
1007
-19
🇬🇷 Khmer · Greece
963
-18
🇨🇳 Mapuche · China
918
-16
🇳🇴 Ethiopians · Norway
857
-13
文森
7:32 Loom
11:16 Feudal Age
11:18 Man-at-Arms
12:20 Long Swordsman
12:51 Arson
13:47 Gold Mining
24:45 Pikeman
27:22 Forging
27:19 Double-Bit Axe
29:48 Castle Age
28:27 Horse Collar
30:04 Wheelbarrow
30:35 Forging
31:28 Heavy Plow
31:40 Bow Saw
33:08 Two-Handed Swordsman
33:52 Squires
33:39 Gambesons
35:19 Hand Cart
35:09 Champion
36:01 Stone Mining
37:17 Gold Shaft Mining
38:48 Scale Mail Armor
40:45 Iron Casting
45:21 Scale Barding Armor
45:33 Chain Mail Armor
50:20 Imperial Age
49:00 Halberdier
53:40 Plate Mail Armor
55:32 Hand Cart
58:23 Blast Furnace
59:27 Caravan
62:03 Conscription
67:04 Fereters
73:21 Fletching
73:31 Padded Archer Armor
75:45 Chemistry
75:07 Ballistics
皇上駕到
8:50 Loom
12:03 Feudal Age
16:53 Double-Bit Axe
16:51 Horse Collar
19:48 Gold Mining
24:20 Castle Age
25:02 Forging
24:58 Scale Barding Armor
28:51 Gold Shaft Mining
29:47 Bloodlines
30:00 Light Cavalry
31:19 Wheelbarrow
32:09 Caravan
34:44 Iron Casting
35:36 Chain Barding Armor
36:53 Bow Saw
36:47 Heavy Plow
38:06 Hand Cart
37:41 Capped Ram
47:53 Imperial Age
48:00 Elite Steppe Lancer
48:10 Siege Ram
64:28 Onager
64:48 Cavalier
67:37 Blast Furnace
67:12 Plate Barding Armor
67:44 Paladin
观音的害怕
14:40 Feudal Age
16:11 Double-Bit Axe
20:54 Castle Age
20:28 Horse Collar
22:39 Scale Mail Armor
29:56 Gold Mining
29:57 Stone Mining
42:07 Imperial Age
41:09 Scale Barding Armor
42:45 Heavy Camel Rider
45:12 Farimba
47:58 Forging
50:07 Iron Casting
50:13 Gold Shaft Mining
51:21 Chain Barding Armor
59:40 Plate Barding Armor
62:50 Bloodlines
62:41 Husbandry
62:47 Husbandry
64:31 Light Cavalry
2579439892
12:15 Feudal Age
15:10 Double-Bit Axe
15:08 Horse Collar
20:43 Castle Age
28:27 Imperial Age
28:52 Wheelbarrow
30:07 Bow Saw
33:48 Forging
33:44 Scale Barding Armor
38:04 Heavy Plow
38:26 Hand Cart
40:09 Two-Man Saw
39:14 Gold Mining
40:53 Conscription
42:23 Elite Conquistador
43:56 Iron Casting
44:09 Cavalier
44:49 Husbandry
45:00 Bloodlines
45:40 Paladin
48:55 Chain Barding Armor
49:36 Blast Furnace
51:16 Herbal Medicine
52:32 Plate Barding Armor
69:44 Caravan
70:16 Coinage
dripped fly lo
13:33 Feudal Age
18:01 Castle Age
19:09 Double-Bit Axe
20:06 Horse Collar
20:38 Bow Saw
21:37 Heavy Plow
27:00 Loom
31:03 Imperial Age
29:32 Wheelbarrow
31:01 Gold Mining
31:09 Stone Mining
31:28 Scale Barding Armor
31:34 Forging
32:06 Husbandry
33:25 Hand Cart
33:56 Bloodlines
33:10 Elite Battle Elephant
36:33 Chain Barding Armor
36:49 Iron Casting
38:41 Plate Barding Armor
38:46 Tusk Swords
40:14 Blast Furnace
52:14 Caravan
Tsimentopoulos
12:43 Feudal Age
11:19 Loom
13:33 Horse Collar
13:54 Double-Bit Axe
16:40 Castle Age
31:29 Heavy Plow
36:11 Fletching
43:26 Bodkin Arrow
43:42 Scale Barding Armor
49:20 Bodkin Arrow
49:25 Padded Archer Armor
49:46 Chain Barding Armor
54:11 Imperial Age
55:55 Ballistics
56:16 Wheelbarrow
56:26 Parthian Tactics
56:28 Heavy Cavalry Archer
kris10an
12:39 Feudal Age
17:13 Castle Age
33:01 Elite Skirmisher
43:44 Double-Bit Axe
48:34 Imperial Age
47:40 Bow Saw
51:43 Chemistry
52:16 Two-Man Saw
55:54 Heavy Scorpion
56:57 Torsion Engines
57:46 Fletching
60:46 Halberdier
71:45 Padded Archer Armor
71:41 Bodkin Arrow
deathlate
9:12 Loom
11:04 Feudal Age
12:17 Double-Bit Axe
13:44 Champi Runner
17:50 Scale Mail Armor
19:55 Castle Age
17:42 Horse Collar
18:46 Forging
19:02 Stone Mining
19:32 Gold Mining
20:45 Champi Warrior
23:44 Wheelbarrow
26:39 Fletching
26:50 Padded Archer Armor
29:08 Leather Archer Armor
30:30 Elite Skirmisher
31:49 Bodkin Arrow
36:07 Bow Saw
36:10 Malon
36:24 Heavy Plow
37:06 Pikeman
39:45 Chain Mail Armor
40:05 Iron Casting
42:08 Imperial Age
40:15 Treadmill Crane
40:30 Murder Holes
40:56 Ballistics
40:47 Masonry
41:29 Gold Shaft Mining
40:44 Town Watch
41:50 Hand Cart
41:45 Town Watch
42:30 Caravan
43:58 Conscription
44:17 Hoardings
44:16 Ring Archer Armor
44:17 Plate Mail Armor
44:26 Iron Casting
45:41 Chemistry
45:15 Architecture
44:32 Arrowslits
45:02 Halberdier
46:20 Plate Mail Armor
46:08 Siege Engineers
46:10 Elite Kona
47:08 Butalmapu
47:35 Crop Rotation
47:50 Stone Shaft Mining
48:14 Elite Bolas Rider
49:59 Blast Furnace
48:22 Elite Champi Warrior
48:52 Arson
58:07 Sappers
63:28 Sanctity
63:19 Fervor
Connection lost

Rejoining the realm…

Still unreachable

The connection could not be restored.

Session expired

The server has moved on; the page needs a fresh start.